 Dungeon Crawl Stone Soup version 0.30.0-29-ga12c61a403 (webtiles) character file.

Game seed: 2186520601388547788

279 Chilbo the Insei (level 6, -4/47 HPs)
             Began as a Draconian Transmuter on June 12, 2023.
             Was a Follower of Makhleb.
             Slain by an iguana (9 damage)
             ... on level 5 of the Dungeon.
             The game lasted 00:15:45 (2475 turns).

Chilbo the Insei (Draconian Transmuter)             Turns: 2475, Time: 00:15:45

Health: -4/47      AC:  7    Str: 12    XL:     6   Next: 5%
Magic:  8/9        EV: 13    Int: 14    God:    Makhleb [*.....]
Gold:   241        SH:  0    Dex: 25    Spells: 8/9 levels left

rFire   . .          .
                       - Unarmed
rCold   . . .        (no shield)
rNeg    . . .        (body armour unavailable)
rPois   +            g - melded +0 hat
rElec   .            o - +0 cloak {rPois}
rCorr   .            (no gloves)
SInv    .            (boots currently unavailable)
Will    .....        (no amulet)
Stlth   ++           q - +6 ring of dexterity
HPRegen 0.27/turn    p - +6 ring of dexterity
MPRegen 0.11/turn

%: no passive effects
@: appendages
A: horns 2, talons 2, AC +6, unfitting armour, cold-blooded
a: End Transformation, Renounce Religion


You were on level 5 of the Dungeon.
You worshipped Makhleb.
Makhleb was aware of your devotion.
You had temporarily grown beastly horns and talons.
You visited 1 branch of the dungeon, and saw 5 of its levels.

You collected 241 gold pieces.

Inventory:

Missiles
 f - 2 poisoned darts
Armour
 g - a +0 hat (melded)
 o - a +0 cloak of poison resistance (worn)
Jewellery
 j - a +6 ring of strength
 p - a +6 ring of dexterity (right hand)
 q - a +6 ring of dexterity (left hand)
 s - a +4 ring of slaying
Wands
 k - a wand of iceblast (9)
 n - a wand of polymorph (6)
 u - a wand of quicksilver (8)
Scrolls
 d - 4 scrolls of identify
 e - a scroll of brand weapon {unknown}
 i - a scroll of blinking {unknown}
 l - a scroll of immolation {unknown}
 m - 3 scrolls of fog {unknown}
 r - 3 scrolls of enchant weapon {unknown}
 t - a scroll of silence
Potions
 a - 2 potions of lignification
 b - 2 potions of mutation {unknown}
 c - a potion of flight
 h - 3 potions of curing {unknown}


   Skills:
 - Level 1.1 Fighting
 - Level 1.7 Dodging
 - Level 5.1 Unarmed Combat
 - Level 2.0 Spellcasting
 * Level 4.8 Transmutations


You had 8 spell levels left.
You knew the following spells:

 Your Spells              Type           Power      Damage    Failure   Level
a - Beastly Appendage     Tmut           30%        N/A       3%          1

Your spell library contained the following spells:

 Spells                   Type           Power      Damage    Failure   Level
 Wereblood                Tmut           15%        N/A       4%          2
 Spider Form              Tmut/Pois      8%         N/A       26%         3
 Dazzling Flash           Conj/Hex       2%         N/A       56%         3
 Portal Projectile        Hex/Tloc       2%         N/A       56%         3
 Tukima's Dance           Hex            1%         N/A       56%         3
 Ice Form                 Ice/Tmut       8%         N/A       65%         4
 Blade Hands              Tmut           7%         N/A       65%         5
 Agony                    Necr           1%         N/A       100%        5
 Silence                  Hex/Air        0%         N/A       100%        5


Dungeon Overview and Level Annotations

Branches:
Dungeon (5/15)
 Temple: D:4-7

Altars:
Makhleb
Ru

Annotations:
D:3 Sigmund


Innate Abilities, Weirdness & Mutations

You have temporarily grown beastly horns and talons.
Your plain brown scales are hard. (AC +6)
You cannot fit into any form of body armour.
You are cold-blooded and may be slowed by cold attacks.


Message History

The iguana barely misses you.
You have reached level 6!
Your scales feel tougher.
You closely miss the iguana.
You headbutt the iguana, but do no damage.
The iguana is moderately wounded.
The iguana bites you.
* * * LOW HITPOINT WARNING * * *
Unknown command.
Your horns disappear.
Your talons disappear.
Your +0 hat unmelds from your body.
The iguana attacks as you move away! The iguana misses you.
The iguana attacks as you move away! The iguana completely misses you.
The iguana attacks as you move away! The iguana closely misses you.
Casting: Beastly Appendage (safe; 3% risk of failure)
Confirm with . or Enter, or press ? or * to list all spells.
You grow a pair of large bovine horns.
Your feet morph into talons.
Your +0 hat melds into your body.
The iguana bites you!
* * * LOW HITPOINT WARNING * * *
Unknown command.
You barely miss the iguana. Your kick misses the iguana.
The iguana is moderately wounded.
The iguana closely misses you.
You barely miss the iguana. Your kick misses the iguana.
The iguana is moderately wounded.
You are no longer corroded.
The iguana bites you.
* * * LOW HITPOINT WARNING * * *
Unknown command.
You barely miss the iguana. Your headbutt misses the iguana.
The iguana is moderately wounded.
The iguana barely misses you.
You hit the iguana but do no damage. Your headbutt misses the iguana.
You tail-slap the iguana, but do no damage.
The iguana is moderately wounded.
The iguana barely misses you.
You barely miss the iguana. You claw the iguana.
The iguana is heavily wounded.
The iguana bites you!
You die...

#....#...##
#.......#
##......#
##....## .###
##....##
...###
#.....##
.....##
#..###..##
....... #..#
##.l###
....... #..#
##.@.##......#
#..#
###..#.....#
..# ##<.#
##....# ##...#
##..# #...
#... ...


You could see an iguana.

Vanquished Creatures
  A scorpion (D:4)
  A jelly (D:5)
  Crazy Yiuf (D:2)
  Terence (D:3)
  Robin (D:4)
  5 adders
  A gnoll (D:4)
  2 worms
  3 orcs (D:4)
  4 bats
  5 endoplasms
  3 giant cockroaches
  9 goblins
  7 hobgoblins
  3 jackals (D:1)
  5 kobolds
  3 quokkas
  7 ball pythons
  A frilled lizard (D:1)
  4 rats (D:1)
67 creatures vanquished.

Notes
Turn   | Place    | Note
-------+----------+-------------------------------------------
     0 | D:1      | Chilbo the Draconian Transmuter began the quest for the
                  | Orb.
     0 | D:1      | Reached XP level 1. HP: 16/16 MP: 3/3
   128 | D:1      | Reached XP level 2. HP: 15/23 MP: 5/5
   640 | D:2      | Reached skill level 4 in Unarmed Combat
   640 | D:2      | Reached XP level 3. HP: 24/28 MP: 4/6
  1056 | D:2      | Found a runed translucent door.
  1057 | D:2      | Noticed Crazy Yiuf
  1265 | D:2      | Killed Crazy Yiuf
  1266 | D:2      | Reached XP level 4. HP: 35/35 MP: 5/7
  1323 | D:3      | Noticed Terence
  1335 | D:3      | Killed Terence
  1455 | D:3      | Found a sacrificial altar of Ru.
  1604 | D:3      | Reached skill level 5 in Unarmed Combat
  1656 | D:3      | Found a faded altar of an unknown god.
  1722 | D:3      | Noticed Sigmund
  1891 | D:4      | Reached XP level 5. HP: 40/40 MP: 6/8
  1951 | D:4      | Found a burning altar of Makhleb.
  1971 | D:4      | Became a worshipper of Makhleb the Destroyer
  1986 | D:3      | Noticed Robin
  1998 | D:4      | Killed Robin
  2185 | D:4      | Noticed a phantom
  2219 | D:4      | Reached * piety under Makhleb
  2394 | D:4      | Noticed an ogre
  2432 | D:5      | Entered Level 5 of the Dungeon
  2459 | D:5      | Reached XP level 6. HP: 19/47 MP: 7/9
  2475 | D:5      | Slain by an iguana

Illustrated notes

Levels and vault maps discovered:
D:1:      dpeg_arrival_rooms_c, layout_rooms, minmay_pentomino_p2
D:2:      layout_basic, minmay_misc_feat_roman, st_stairs_8,
          supply_closet_lemuel, uniq_crazy_yiuf_cottage
D:3:      layout_rooms, nicolae_ru_sacrificial_ziggurat, basic_ecumenical_altar,
          uniq_robin, uniq_sigmund, uniq_terence
D:4:      layout_loops_cross, bloody_makhleb, minmay_temple_entry_glassed_door,
          amethyst_killhole, minmay_pentangle
D:5:      layout_cave_pods, mainiacjoe_overflow_catwalk, tso_oasis_becter,
          trog_hazing_becter, nicolae_ossuary_entry_false_entrances

Skill      XL: |  1  2  3  4  5 |
---------------+----------------+-----
Unarmed Combat | 4 5 |  5.1
Transmutations | 3 4 |  4.8
Fighting       | |  1.1
Dodging        | |  1.7
Spellcasting   | |  2.0

Action                     |  1- 3 |  4- 6 || total
---------------------------+-------+-------++-------
  Melee: Unarmed           |   104 |   109 ||   213
         Tailslap          |    14 |    18 ||    32
         Kick              |     5 |    14 ||    19
         Headbutt          |     3 |    15 ||    18
         Punch             |       |     4 ||     4
   Cast: Beastly Appendage |     4 |    12 ||    16
    Use: Potion            |     1 |       ||     1
         Scroll            |       |     2 ||     2
   Stab: Sleeping          |       |     1 ||     1
 Armour: Skin              |    25 |    29 ||    54
  Dodge: Dodged            |    61 |    85 ||   146
